 Dungeon Crawl Stone Soup version 0.29-a0-529-gfa20dd96a1 (webtiles) character file.

Game seed: 13622681149061667160

117 Flugkiller the Skirmisher (level 5, -1/48 HPs)
             Began as a Meteoran Chaos Knight on June 1, 2022.
             Was a Plaything of Xom.
             Slain by a hornet (12 damage)
             ... on level 5 of the Dungeon.
             The game lasted 00:03:24 (752 turns).

Flugkiller the Skirmisher (Meteoran Chaos Knight)    Turns: 752, Time: 00:03:25

Health: -1/48      AC:  5    Str: 13    XL:     5   Next: 47%
Magic:  0/6        EV: 12    Int: 13    God:    Xom [......]
Gold:   34         SH:  3    Dex: 16    Spells: 4/4 levels left

rFire   . . .      SeeInvis +   a - +0 hand axe (chaos)
rCold   . . .      Faith    .   l - +0 buckler
rNeg    . . .      Spirit   +   b - +2 leather armour
rPois   .          Reflect  .   (no helmet)
rElec   .          Harm     .   (no cloak)
rCorr   .          Rampage  .   (no gloves)
Will    .....                   (no boots)
Stlth   +.........              f - amulet of guardian spirit
HPRegen 0.16/turn               i - ring of see invisible
MPRegen 0.10/turn               (no ring)

@: slowed, glowing, very slow
A: sense surroundings 1, otherworldly, glowing, explore regen
a: Renounce Religion


You were on level 5 of the Dungeon.
You worshipped Xom.
You were a very special plaything of Xom.
You visited 1 branch of the dungeon, and saw 5 of its levels.

You collected 34 gold pieces.

Inventory:

Hand Weapons
 a - a +0 hand axe of chaos (weapon)
Armour
 b - a +2 leather armour (worn)
 g - a +0 leather armour of cold resistance
   (You found it on level 1 of the Dungeon)
 l - a +0 buckler (worn)
   (You found it on level 1 of the Dungeon)
Magical Staves
 h - a staff of poison
   (You found it on level 3 of the Dungeon)
Jewellery
 f - an amulet of guardian spirit (around neck)
   (You found it on level 1 of the Dungeon)
 i - a ring of see invisible (left hand)
   (You found it on level 1 of the Dungeon)
Scrolls
 e - a scroll of immolation
 k - a scroll of magic mapping
 p - a scroll of fear {unknown}
 r - a scroll of poison {unknown}
Potions
 d - 2 potions of attraction
 j - a potion of brilliance
 n - 2 potions of resistance
 o - a potion of mutation
Miscellaneous
 c - a piece from Xom's chessboard (11/15) (quivered)


   Skills:
 - Level 5.0 Fighting
 - Level 3.6 Axes
 - Level 2.4 Armour
 + Level 3.8 Dodging


You had 4 spell levels left.
You didn't know any spells.
Your spell library was empty.

Dungeon Overview and Level Annotations

Branches:
Dungeon (6/15)             Temple (0/1) D:5

Altars:


Innate Abilities, Weirdness & Mutations

You passively map a small area around you.
You are easily found by Zot.
You glow in the dark.
You regain HP and MP as you explore.


Message History

The ufetubus shouts!
You hear a shout!
Found 9 gold pieces.
There is a stone staircase leading down here.
Unknown command.
The ufetubus misses you.
The ufetubus hits you but does no damage.
You see here 9 gold pieces.
You hit the ufetubus.
The ufetubus is moving more slowly.
The ufetubus is severely wounded.
The ufetubus closely misses you. The ufetubus hits you.
You strike the helpless ufetubus from behind!
You hit the ufetubus.
The ufetubus is severely wounded.
The ufetubus barely misses you.
The ufetubus hits you but does no damage.
The ufetubus hits you. The ufetubus barely misses you.
You hit the ufetubus.
The ufetubus is severely wounded.
The ufetubus blinks!
The ufetubus hits you but does no damage.
The ufetubus barely misses you.
The ufetubus hits you but does no damage.
You block the ufetubus's attack.
You strike the helpless ufetubus from behind!
You hit the ufetubus but do no damage.
The ufetubus is poisoned.
The ufetubus is heavily wounded.
The ufetubus closely misses you. The ufetubus hits you.
You hit the ufetubus.
The ufetubus looks as sick as possible!
The ufetubus is almost dead.
The ufetubus hits you but does no damage. x2
The ufetubus completely misses you. The ufetubus misses you.
You hit the ufetubus.
You kill the ufetubus!
You now have 34 gold pieces (gained 9).
A shadow imp comes into view.
An ogre comes into view. It is wielding a +0 giant club.
The ogre shouts!
The shadow imp shouts!
Okay, then.
Okay, then.
Okay, then.
As you read the scroll labelled GIV WOGOUL, it crumbles to dust.
You feel aware of your surroundings.
You sensed 2 shops/portals.
It was a scroll of magic mapping.
Unknown command.
An ice beast comes into view.
The ice beast moves out of view.
Found a glowing cloak. "Go forth and cause havoc, mortal!"
You feel better.
Xom plays with reality for a moment.
You are now a very special plaything of Xom.
Your hound barely misses the shadow imp.
The shadow imp closely misses your hound.
Your hound closely misses the shadow imp.
Your hound bites the shadow imp.
The shadow imp hits your hound but does no damage.
Your hound bites the shadow imp.
The shadow imp hits your hound.
Your hound misses the shadow imp.
Your hound bites the shadow imp.
The shadow imp misses your hound.
Your hound bites the shadow imp.
The shadow imp dies!
Found 16 gold pieces.
Found 14 gold pieces.
Found a staircase to the Ecumenical Temple.
Found a scroll labelled VEZYAT GEAMOQ.
You hear Xom's avuncular chuckle.
The ogre evaporates and reforms as a hornet!
You make a move on Xom's chessboard...
The hornet resists with some effort.
You make a move on Xom's chessboard...
The ice beast twists and deforms.
The hornet barely misses you.
Your hound bites the hornet but does no damage.
You block the ice beast's attack. The hornet barely misses you.
You make a move on Xom's chessboard...
The ice beast seems to grow stronger.
Your hound completely misses the hornet.
The hornet closely misses you. The ice beast barely misses you.
Your hound bites the hornet but does no damage.
You make a move on Xom's chessboard...
The hornet resists with some effort.
The hornet stings you but does no damage.
Your hound barely misses the hornet.
The ice beast hits you. The ice beast freezes you. The hornet stings you!
You are poisoned.
You feel yourself slow down.
Okay, then.
Okay, then.
As you read the scroll labelled RUTEYG MUESTRU, it crumbles to dust.
The scroll dissolves into smoke.
It was a scroll of fog.
You feel very sick.
Your hound closely misses the hornet.
The hornet stings you!
You are lethally poisoned!
You feel as though you will be slow longer.
The ice beast hits you but does no damage.
Your hound closely misses the hornet.
The hornet stings you!
* * * LOW HITPOINT WARNING * * *
You feel as though you will be slow longer.
Unknown command.
You feel better.
Your hound disappears in a puff of smoke!
The hornet stings you!
You die...
Xom laughs nastily!

#.>.#.)##.#####.>.....#..
#,,,##.##..O.Oh..........
*,**#...#######....####..
#.###...# ####.# *#. #.......#
#.# *,. ###..#..#
******#.#***,, *#.##§§##
*,,,,,...,**,, #..*#§yY#
*,,,,,...,**,, #.#*#§§@#
*,,,,....[**,, *#.*
#§§§#**,,,,.....***, *,,*
#§§§.**,,,......# **
*******,***#...?.*,,,,,,,,,* **
*,,,,,,,,,*#.##...,,,,,,,,,***,
*,,,,,,,,,*#.**#.#.,,,,,,,,**,,
*,,,,,,,,,*#.* *....,,,,,,,,,,*
*,,,,,,,,,*#.***##..#****,,,,,,
*,,,,,,,,,,,,,,,,,,,,,,,,,,,,,,


You could see a hornet and an ice beast (strong, misshapen).

Vanquished Creatures
  Jessica (D:2)
  4 adders
  An ufetubus (D:5)
  A worm (D:2)
  A dart slug (D:2)
  2 bats
  4 endoplasms
  2 giant cockroaches (D:2)
  A goblin (D:1)
  3 hobgoblins
  4 jackals (D:2)
  7 kobolds
  2 quokkas
  A ball python (D:2)
  2 frilled lizards (D:1)
  2 rats (D:2)
38 creatures vanquished.

Vanquished Creatures (collateral kills)
  A shadow imp (D:5)
1 creature vanquished.

Grand Total: 39 creatures vanquished

Notes
Turn   | Place    | Note
-------+----------+-------------------------------------------
     0 | D:1      | Flugkiller the Meteoran Chaos Knight began the quest for
                  | the Orb.
     0 | D:1      | Reached XP level 1. HP: 19/19 MP: 2/2
    70 | D:1      | Found a faded altar of an unknown god.
   112 | D:1      | Reached XP level 2. HP: 16/27 MP: 3/3
   123 | D:1      | XOM: silly message
   180 | D:1      | Reached skill level 4 in Fighting
   186 | D:1      | XOM: silly message
   238 | D:1      | XOM: silly message
   265 | D:2      | Reached XP level 3. HP: 30/33 MP: 1/4
   284 | D:2      | XOM: silly message
   297 | D:2      | Noticed Jessica
   301 | D:2      | XOM: potion effect (curing)
   307 | D:2      | Killed Jessica
   308 | D:2      | Reached XP level 4. HP: 14/41 MP: 3/5
   437 | D:2      | Reached skill level 5 in Fighting
   506 | D:2      | Reached XP level 5. HP: 44/48 MP: 4/6
   584 | D:3      | You fall into a shaft and drop 3 floors!
   625 | D:5      | Entered Level 5 of the Dungeon
   625 | D:5      | Noticed a bullfrog
   720 | D:5      | Noticed an ogre
   724 | D:5      | Noticed an ice beast
   726 | D:5      | XOM: potion effect (curing)
   727 | D:5      | XOM: cast spell 'Call Canine Familiar'
   736 | D:5      | Found a staircase to the Ecumenical Temple.
   743 | D:5      | Noticed a hornet
   743 | D:5      | an ogre changed into a hornet
   743 | D:5      | XOM: polymorph ogre -> hornet
   752 | D:5      | Slain by a hornet

Illustrated notes

Levels and vault maps discovered:
D:1:      evilmike_arrival_crescent, layout_loops_ring,
          hellmonk_ecumenical_altar_crossroads
D:2:      layout_rooms, kennysheep_donut, uniq_jessica
D:3:      layout_loops_ring, makhleb_altar_promises_db, palyth_stone_intersect,
          amethyst_killhole, hangedman_decor_lopped
D:5:      layout_rooms, minmay_temple_entry_offerings, serial_shops,
          kennysheep_mini, biasface_ghost_orc_armoury, minmay_shop_mayhem,
          uniq_crazy_yiuf_cottage
D:6:      layout_basic, kennysheep_generic_room_6, uniq_pikel

Skill      XL: |  1  2  3  4 |
---------------+-------------+-----
Fighting       | 4 5 |  5.0
Dodging        | 2 3 |  3.8
Axes           | |  3.6
Armour         | |  2.4

Action                   |  1- 3 |  4- 6 || total
-------------------------+-------+-------++-------
Melee: Hand axe          |    55 |    72 ||   127
Evoke: Piece from Xom's  |       |     4 ||     4
  Use: Scroll            |       |     8 ||     8
       Potion            |       |     1 ||     1
 Stab: Petrifying        |       |     2 ||     2
Armor: Leather armour    |    38 |    47 ||    85
Dodge: Dodged            |    42 |    52 ||    94
Block: Buckler           |    10 |    15 ||    25

Table legend: (Time is in decaauts)
 A = Elapsed time spent in this place.
 B = Non-inter-level travel time spent in this place.
 C = Inter-level travel time spent in this place.
 D = Time resting spent in this place.
 E = Time spent auto-exploring this place.
 F = Levels seen in this place.
 G = Mean time per level.
                   A        B        C        D        E       F      G
               +--------+--------+--------+--------+--------+-----+--------+
         Total |    770 |    732 |     38 |      0 |      8 |   5 |  154.0 |
       Dungeon |    770 |    732 |     38 |      0 |      8 |   5 |  154.0 |
               +--------+--------+--------+--------+--------+-----+--------+

Top non-repeatable levels by time:
     D:2: 281 daAuts
     D:1: 261 daAuts
     D:6: 116 daAuts
     D:3: 59 daAuts
     D:5: 52 daAuts
